[Event "Early-Titled-Tuesday-Blitz-March-12-2024"]
[Site "Chess.com"]
[Date "2024.03.12"]
[Round "2"]
[White "Felix-Rose"]
[Black "Boorchess"]
[Result "0-1"]
[WhiteElo "2237"]
[BlackElo "2527"]
[TimeControl "180+1"]
[EndTime "8:18:47 PDT"]
[Termination "Boorchess won by checkmate"]

1. d4 Nf6 2. Nc3 d5 3. Bf4 a6 4. Qd3 Nc6 5. f3 Nb4 6. Qd2 c5 7. dxc5 Nc6 8. O-O-O e5 9. Bg5 d4 10. Bxf6 gxf6 11. Ne4 Be6 12. Kb1 h5 13. e3 f5 14. Nd6+ Bxd6 15. cxd6 Qxd6 16. exd4 exd4 17. Ne2 O-O-O 18. c3 Qd5 19. b3 dxc3 20. Qxd5 Rxd5 21. Rxd5 Bxd5 22. Nxc3 Be6 23. Bd3 h4 24. Re1 Rg8 25. Bf1 f4 26. Ne2 Bf5+ 27. Kb2 Rd8 28. Kc1 Nb4 29.
Nxf4 Nxa2+ 30. Kb2 Rd2+ 31. Ka3 a5 32. Re2 Rd1 33.
Rxa2 Rxf1 34. Ka4 b6 35. h3 Kb7 36. Rd2 Ka6 37. Ka3 Ra1+ 38. Kb2 Rb1+ 39. Kc3 Rc1+ 40.
Kd4 Rc5 41. Re2 f6 42. Nd5 Rb5 43. Kc4 Bb1 44. Nc3 Rc5+ 45. Kd4 Bg6 46. Re6 Bf7 47.
Rxf6 Bxb3 48. Ne4 Rc4+ 49. Kd3 a4 50. Nd6 Rc6 51. Ne4 Rxf6 52. Nxf6 b5 53. Kc3 Ka5 54. Ne4 b4+ 55. Kb2 Bd5 56. Nd2 a3+ 57. Ka1 Ka4 58.
f4 b3 59. Nxb3 Kxb3 60. f5 Bf7 61. g4 hxg3 62. f6 g2 63. h4 g1=Q# 0-1

[Event "Early-Titled-Tuesday-Blitz-March-12-2024"]
[Site "Chess.com"]
[Date "2024.03.12"]
[Round "2"]
[White "yosephtaher"]
[Black "Alex_Banzea"]
[Result "1-0"]
[WhiteElo "2918"]
[BlackElo "2626"]
[TimeControl "180+1"]
[EndTime "8:18:54 PDT"]
[Termination "yosephtaher won by resignation"]

1. d4 Nf6 2. Nc3 d5 3. Bf4 g6 4.
e3 Bg7 5. h4 O-O 6. h5 c5 7.
hxg6 hxg6 8. Nf3 Bg4 9. Be2 Bxf3 10. Bxf3 cxd4 11. exd4 Nc6 12. Qd2 e5 13. dxe5 Nxe5 14.
O-O-O Nc4 15. Qd3 Qb6 16. b3 Qa5 17. bxc4 Qa3+ 18. Kb1 Ne4 19. Bxe4 Bxc3 20. Rh8+ Kxh8 21. Be5+ Bxe5 22. Qxa3 dxe4 23. Qe7 Bc3 24. Qxe4 Kg7 25. Qf3 Bf6 26. Rd6 Be5 27. Rd7 Rad8 28. Rd5 Bf6 29. a4 Rfe8 30. Ka2 b6 31. Kb3 Rc8 32. Rd6 Be5 33. Rd7 Bf6 34. Qb7 Rf8 35. Rxf7+ Rxf7 36. Qxc8 Bd4 37. f3 a5 38. Qd8 Bc5 39. c3 Re7 40. Qd5 Kf6 41. f4 Re3 42. g4 Kg7 43. Kc2 Kf6 44. g5+ Kg7 45. f5 gxf5 46. Qxf5 Re7 47. Qf6+ Kg8 48. g6 Ra7 49. Kd3 Rd7+ 50. Ke4 Re7+ 51. Kd5 Rd7+ 52. Kc6 Ra7 53. Kd5 Rd7+ 54. Ke4 Ra7 55. Kf5 Rb7 56. Kg4 Ra7 57. Kh5 Re7 58.
Qf5 Ra7 59. Qd5+ Kg7 60. Qe5+ Kg8 61. Kh6 Bf8+ 62. Kg5 Be7+ 63. Kf5 Bf8 64. Qe6+ Kh8 65. Qxb6 Re7 66. c5 Kg7 67. Qf6+ Kg8 68. c6 Rc7 69. Qe6+ Kh8 70. Ke5 Re7 71. Qxe7 Bxe7 72. Ke6 Bd8 73. Kd7 Bb6 74. c7 Bxc7 75. Kxc7 Kg7 76. Kb6 Kxg6 77.
Kxa5 1-0

[Event "Early-Titled-Tuesday-Blitz-March-12-2024"]
[Site "Chess.com"]
[Date "2024.03.12"]
[Round "2"]
[White "Real_taiatai"]
[Black "rhwr"]
[Result "1-0"]
[WhiteElo "2540"]
[BlackElo "2284"]
[TimeControl "180+1"]
[EndTime "8:18:54 PDT"]
[Termination "Real_taiatai won by resignation"]

1. g3 d5 2. Bg2 Nf6 3. b3 c5 4. Bb2 Nc6 5. e3 e5 6. f4 exf4 7. gxf4 Ne4 8. Nf3 Bg4 9. O-O f6 10. Qe1 Be7 11. d3 Nd6 12. Nc3 Nb4 13. Qf2 Be6 14. a3 Nc6 15. Rae1 O-O 16. Nh4 f5 17.
Nf3 Bf6 18. Qd2 Bf7 19. Kh1 Re8 20. Nd1 d4 21. b4 dxe3 22. Rxe3 Rxe3 23. Bxf6 Qxf6 24.
Nxe3 cxb4 25. axb4 Re8 26. c3 Rd8 27. b5 Na5 28.
Ne5 Ne4 29. Qe1 Nc5 30. d4 Ne4 31. c4 b6 32. c5 Rxd4 33. c6 Nc4 34. N3xc4 Bxc4 35. Nxc4 Rxc4 36. Qb1 Qc3 37. Qa2 Kf8 38. Qxa7 Qd3 39.
Qb8+ Kf7 40. c7 Qd7 41. Qxb6 Qxc7 42. Qe3 Rc3 43. Qd4 Rc4 44. Qe3 Qc5 45. Qxc5 Rxc5 46.
Bxe4 fxe4 47. Rb1 Ke7 48. Kg2 Kd7 49. Kf2 Kc7 50. Ke3 Kb6 51. Kxe4 Rc2 52. h4 Re2+ 53.
Kf5 Rh2 54. Rg1 Rxh4 55. Rxg7 Kxb5 56. Ke5 Kc6 57. f5 Rh1 58. f6 Re1+ 59. Kf5 h5 60. f7 Rf1+ 61. Ke6 Re1+ 62. Kf6 Rf1+ 63. Ke7 Re1+ 64. Kd8 Rd1+ 65. Kc8 Rf1 66. Kd8 Rd1+ 67. Kc8 Rf1 68. Rh7 Rf5 69. Kd8 Kd6 70. Ke8 Re5+ 71.
Kf8 Rf5 72. Kg8 Rg5+ 73. Rg7 Rxg7+ 74. Kxg7 1-0

[Event "Early-Titled-Tuesday-Blitz-March-12-2024"]
[Site "Chess.com"]
[Date "2024.03.12"]
[Round "2"]
[White "DenLaz"]
[Black "Susal_De_Silva"]
[Result "1-0"]
[WhiteElo "3040"]
[BlackElo "2702"]
[TimeControl "180+1"]
[EndTime "8:18:56 PDT"]
[Termination "DenLaz won by resignation"]

1. d4 Nf6 2. c4 e6 3. Nf3 d5 4.
g3 Bb4+ 5. Bd2 a5 6. Bg2 O-O 7. Qc2 c5 8. cxd5 cxd4 9. Nxd4 Qb6 10. e3 exd5 11. O-O Nc6 12. Nxc6 bxc6 13. Rc1 Bd7 14. Nc3 Rab8 15. Na4 Qd8 16. b3 h5 17.
Bc3 Bxc3 18. Qxc3 h4 19. Nc5 h3 20. Bf1 Bf5 21. Rd1 Qe7 22. Rac1 Ra8 23. Qd4 Nd7 24. Nxd7 Bxd7 25. e4 Be6 26. Rxc6 dxe4 27. Qxe4 Rad8 28. Re1 Qd7 29. Rc5 a4 30. bxa4 Qd4 31. Re5 Qxe4 32. R5xe4 Rd2 33. R4e2 Rfd8 34. Rxe6 fxe6 35. Bxh3 Kf8 36.
Bxe6 Re8 37. Re3 Rd6 38. Rf3+ Ke7 39. Bb3 Rf6 40. Re3+ Kd8 41. Rxe8+ Kxe8 42. Kg2 g5 43. h4 gxh4 44. gxh4 Kf8 45. Kg3 Kg7 46. f4 Kh6 47.
Kg4 Kg7 48. h5 Kh6 49. f5 Kg7 50. Kg5 Rd6 51. Be6 Rd2 52. f6+ Kh8 53. h6 Rg2+ 54. Kh5 Rh2+ 55. Kg6 Rg2+ 56. Kf7 Rh2 57. Ke7 Rxh6 58. f7 Rg6 59. f8=Q+ Kh7 60. Qf7+ Kh8 61. Qf4 Kh7 62. Qh4+ Kg7 63. Bf5 Re6+ 64. Bxe6 1-0

[Event "Early-Titled-Tuesday-Blitz-March-12-2024"]
[Site "Chess.com"]
[Date "2024.03.12"]
[Round "2"]
[White "Dyadya81"]
[Black "andrew-blr"]
[Result "1-0"]
[WhiteElo "2912"]
[BlackElo "2622"]
[TimeControl "180+1"]
[EndTime "8:19:06 PDT"]
[Termination "Dyadya81 won by checkmate"]

1. e4 c5 2. Nc3 g6 3. f4 Bg7 4.
Nf3 Nc6 5. Bb5 Nd4 6. Bc4 e6 7. O-O Ne7 8. e5 d6 9. Ne4 dxe5 10. fxe5 O-O 11. Nf6+ Kh8 12. d3 Nxf3+ 13. Qxf3 Qd4+ 14. Qe3 Nc6 15. c3 Qxe5 16. Qf2 Qxf6 17. Qxf6 Bxf6 18. Rxf6 Kg7 19. Rf2 b6 20. Bf4 f6 21. Raf1 Bd7 22. Bd6 Rf7 23. g4 g5 24. Re1 Re8 25. Rfe2 Nd8 26.
Bb3 Rh8 27. h3 h5 28. Bg3 hxg4 29. hxg4 Re7 30. Bd6 Ree8 31. Rh2 e5 32. Rg2 Be6 33. Ba4 Reg8 34. Rf1 Rh4 35. Be7 Nf7 36. Bxf6+ Kg6 37. Bc6 Rxg4 38. Be4+ Kh6 39. Kf2 Rh4 40. Ke3 Bh3 41.
Bxg5+ Rxg5 42. Rf6+ Kh5 43. Bf3+ Bg4 44. Rxg4 Rhxg4 45. Rxf7 Kg6 46. Rxa7 Rg3 47. Kf2 Rh3 48. Be4+ Kf6 49.
Rb7 Rgh5 50. Rxb6+ Kg5 51. Bg2 Rh2 52. Kg3 R2h4 53.
Bf3 Rh3+ 54. Kf2 Rh2+ 55. Ke3 R5h3 56. Rb8 Kf5 57. Rf8+ Ke6 58. a4 Kd6 59. a5 Rxb2 60. a6 Ra2 61. Rf7 Ra1 62. a7 e4 63. Kxe4 Ra3 64.
Ke3 Rxc3 65. a8=Q Rxd3+ 66. Kxd3 Rxf3+ 67. Qxf3 c4+ 68. Kd4 c3 69. Qd5# 1-0

[Event "Early-Titled-Tuesday-Blitz-March-12-2024"]
[Site "Chess.com"]
[Date "2024.03.12"]
[Round "2"]
[White "Vasily85"]
[Black "pfalcon1949"]
[Result "1-0"]
[WhiteElo "2473"]
[BlackElo "1951"]
[TimeControl "180+1"]
[EndTime "8:19:10 PDT"]
[Termination "Vasily85 won on time"]

1. e4 e6 2. d3 d5 3. Nd2 c5 4. g3 Nc6 5. Bg2 Bd6 6. Ngf3 Nge7 7. O-O O-O 8. Re1 f6 9. c3 d4 10. Nc4 e5 11. a4 Bc7 12. Rf1 Be6 13. Qe2 b6 14. Nfd2 a6 15. f4 b5 16. axb5 axb5 17.
Rxa8 Qxa8 18. Na3 Qa5 19. Nf3 dxc3 20. bxc3 Qxc3 21. Nxb5 Qa5 22. Nxc7 Qxc7 23. fxe5 Nxe5 24. Nxe5 Qxe5 25. Bf4 Qd4+ 26. Be3 Qe5 27. Rc1 Rc8 28. Qf2 c4 29. d4 Qb8 30. d5 Bf7 31. Bc5 Ng6 32.
Rxc4 Qb3 33. Qc2 Qb5 34. Rc3 Ne5 35. Bd4 Ra8 36. Rb3 Qa5 37. Rb1 h6 38. h3 Qa3 39.
Qc3 Qa2 40. Ra1 Qxa1+ 41. Qxa1 Rxa1+ 42. Bxa1 Nc4 43. Bd4 Kf8 44. Kf2 Ke7 45. Ke2 Kd6 46.
Kd3 Na5 47. Kc3 Nb7 48. Kc4 Nd8 49. Bb6 Nc6 50. Kd3 Ne5+ 51. Ke2 Nc4 52. Bd4 Na5 53. Bf3 Nb3 54. Be3 Na5 55. Kd3 Nb3 56. Bg4 Na5 57. Bd4 Nb7 58. Ke3 Na5 59. h4 Nc4+ 60. Kf4 Na5 61.
h5 Nb7 62. Bb2 Nd8 63. Ba3+ Kc7 64. Be2 Nb7 65. g4 Nd6 66. Bd3 Ne8 67. Bc4 Nd6 68.
Be2 Ne8 69. Ke3 Nd6 70. Kd4 Ne8 71. e5 fxe5+ 72. Kxe5 1-0

[Event "Early-Titled-Tuesday-Blitz-March-12-2024"]
[Site "Chess.com"]
[Date "2024.03.12"]
[Round "2"]
[White "viktorskliarov"]
[Black "InitiatingASC"]
[Result "1-0"]
[WhiteElo "2572"]
[BlackElo "2344"]
[TimeControl "180+1"]
[EndTime "8:19:20 PDT"]
[Termination "viktorskliarov won by resignation"]

1. e4 c5 2. Nf3 Nc6 3. Bb5 Nf6 4. Nc3 g6 5. e5 Ng4 6. Bxc6 bxc6 7. h3 Nh6 8. d3 Nf5 9. Bf4 Nd4 10. O-O Bg7 11.
Nxd4 cxd4 12. Ne4 Qa5 13. Re1 O-O 14. Ng3 Rb8 15. Qc1 Rb5 16. a4 Rd5 17. Bd2 Qc7 18. f4 d6 19. exd6 Rxd6 20. f5 Rdd8 21. Bf4 Qb7 22.
Bh6 Bxh6 23. Qxh6 Qxb2 24. fxg6 hxg6 25. Ne4 Rd5 26. Ng5 Rxg5 27. Qxg5 Be6 28. Qxe7 Bd5 29. Rac1 Qc3 30. Qg5 a5 31. h4 Qb4 32.
h5 Qd6 33. Rf1 Kg7 34. h6+ Kh7 35. Rf6 Qd7 36. Rcf1 Qe8 37. Qf4 Qe3+ 38. Qxe3 dxe3 39. Re1 Re8 40. c4 Be6 41. Rxe3 Kxh6 42. d4 Rd8 43. Rf4 Kg5 44. g3 Bxc4 45. Re5+ Kh6 46. Rxa5 Rb8 47. Rc5 Bd5 48. a5 Rb2 49. Rf2 Rb1+ 50.
Rf1 Rb2 51. Rf4 Rg2+ 52. Kf1 Rxg3 53. Rf2 Ra3 54. Ke1 Ra1+ 55. Kd2 Ra2+ 56. Ke3 Ra3+ 57.
Kf4 Kg7 58. Ke5 g5 59. Kd6 g4 60. Rf4 g3 61. Rg4+ Kf6 62. Kc7 g2 63. Kb6 Rb3+ 64.
Kc7 Rb1 65. Rxd5 cxd5 66. Rxg2 Ra1 67. Kb6 Kf5 68. a6 Ke4 69. Rg4+ Ke3 70. a7 f5 71. Rg5 f4 72. Rxd5 f3 73. Rf5 f2 74. d5 Ke2 75. d6 Rb1+ 76. Kc7 Ra1 77. Kb8 Ra3 78. Rxf2+ Kxf2 79. d7 Rb3+ 80. Kc7 Rd3 81. a8=Q 1-0

[Event "Early-Titled-Tuesday-Blitz-March-12-2024"]
[Site "Chess.com"]
[Date "2024.03.12"]
[Round "2"]
[White "pirulillo"]
[Black "Witik"]
[Result "0-1"]
[WhiteElo "2276"]
[BlackElo "2760"]
[TimeControl "180+1"]
[EndTime "8:19:22 PDT"]
[Termination "Witik won on time"]

1. e4 c6 2. d4 d5 3. Nc3 dxe4 4. Nxe4 Nf6 5. Nxf6+ exf6 6. c3 Bd6 7. Bd3 O-O 8. Ne2 Re8 9. O-O Nd7 10. Bd2 Nf8 11.
Qc2 Ng6 12. Rae1 Qc7 13. f4 c5 14. g3 Bh3 15. Rf2 Re7 16. Bf5 Bxf5 17. Qxf5 Rae8 18. Kf1 Qc6 19. d5 Qa6 20. Qb1 Re4 21. b3 Nf8 22. c4 b5 23. cxb5 Qxb5 24. Qc2 f5 25. Bc3 Nd7 26.
a4 Qb7 27. Ng1 Nb6 28. Rxe4 Rxe4 29. Rd2 Nxd5 30. Qd3 Ne3+ 31. Kf2 Ng4+ 32. Kf1 Bf8 33. h3 Ne3+ 34. Kf2 Qxb3 35. Nf3 c4 36. Qd8 Qxc3 37. Ne5 Ng4+ 38. hxg4 Qe3+ 39. Kg2 Rxe5 40. fxe5 Qe4+ 41. Kh2 c3 42. Rf2 c2 43. Qd2 Ba3 44. Qxc2 Qxg4 45. Qxf5 Qxf5 46. Rxf5 a5 47. Kg2 Bb4 48. Kf3 Kf8 49.
Ke4 Ke7 50. Rh5 h6 51. Rh2 Ke6 52. Rc2 f5+ 53. exf6 Kxf6 54. Kf4 Bd6+ 55. Kg4 Bb4 56. Rc7 g6 57. Rc6+ Kf7 58. Kf3 h5 59. g4 hxg4+ 60.
Kxg4 Bd2 61. Kf3 Bb4 62. Ke4 Kg7 63. Kd5 Kh6 64. Kc4 Kh5 65. Rb6 Be1 66. Kb5 g5 67. Re6 Bb4 68. Re4 g4 69. Rxb4 axb4 70. Kxb4 g3 71. a5 g2 72. Kb5 g1=Q 73. a6 Qa7 0-1

[Event "Early-Titled-Tuesday-Blitz-March-12-2024"]
[Site "Chess.com"]
[Date "2024.03.12"]
[Round "2"]
[White "Valio_M1948"]
[Black "awesomevishesh"]
[Result "1-0"]
[WhiteElo "2413"]
[BlackElo "2637"]
[TimeControl "180+1"]
[EndTime "8:19:26 PDT"]
[Termination "Valio_M1948 won by checkmate"]

1. d4 d6 2. c4 e5 3. Nf3 e4 4.
Nfd2 f5 5. Nc3 Nf6 6. e3 Be7 7. Be2 O-O 8. O-O c6 9. d5 c5 10. f3 exf3 11. Nxf3 Nbd7 12. Ng5 Ne5 13. Ne6 Bxe6 14.
dxe6 Qc8 15. Nd5 Qxe6 16. Nc7 Qd7 17. Nxa8 Rxa8 18. Bd2 Ne4 19. Bc3 Nxc3 20. bxc3 Re8 21. Qd5+ Kh8 22. Rad1 Bf8 23. e4 fxe4 24. Rxf8+ Rxf8 25. Qxe5 Qf7 26. Qxe4 Re8 27. Qf3 Qe7 28. Bd3 g6 29. Rf1 Kg7 30. h3 b6 31. a4 Qe3+ 32. Kh1 Qxf3 33. Rxf3 Re1+ 34. Kh2 Ra1 35. Be4 Rxa4 36.
Bd5 h5 37. Rf7+ Kh6 38. Rf6 Ra3 39. Be4 Kg5 40. Rxg6+ Kf4 41. Bd5 Rxc3 42. Rxd6 h4 43.
Rg6 Ra3 44. Rg4+ Kf5 45. Rxh4 a5 46. Rh6 Rb3 47. Bc6 Rb4 48. Bb5 a4 49. Rxb6 a3 50.
Ra6 Rb3 51. Bd7+ Ke5 52. h4 Kd4 53. h5 Kc3 54. h6 Kb2 55. Bb5 Rd3 56. Ra8 Rd6 57.
Ra6 Rxa6 58. Bxa6 a2 59. h7 a1=Q 60. h8=Q+ Ka2 61. Qxa1+ Kxa1 62. g4 Kb2 63. g5 Kc3 64. g6 Kb4 65. Bb5 Ka5 66. g7 Kb6 67. g8=Q Ka5 68.
Qg3 Kb4 69. Qe1+ Ka3 70. Kg3 Ka2 71. Kf3 Kb2 72. Qe3 Kc2 73. Ke2 Kb2 74. Qd3 Ka2 75. Kd2 Kb2 76. Qc3+ Ka2 77. Qa5+ Kb3 78. Qa4+ Kb2 79.
Bc6 Kb1 80. Be4+ Kb2 81. Qb5+ Ka2 82. Kc2 Ka3 83. Qb3# 1-0

[Event "Early-Titled-Tuesday-Blitz-March-12-2024"]
[Site "Chess.com"]
[Date "2024.03.12"]
[Round "2"]
[White "David_ATM"]
[Black "Boundless_Strike"]
[Result "0-1"]
[WhiteElo "2382"]
[BlackElo "2616"]
[TimeControl "180+1"]
[EndTime "8:19:27 PDT"]
[Termination "Boundless_Strike won on time"]

1. e4 e5 2. Nf3 d5 3. Bb5+ c6 4. Be2 dxe4 5. Nxe5 Nd7 6. Nxd7 Bxd7 7. O-O Bd6 8. d3 Qc7 9. h3 O-O-O 10. Nc3 f5 11. Bg5 Nf6 12. f3 Qb6+ 13. Kh1 Qxb2 14. Qd2 Bb4 15. Rab1 Qxc3 16. Rxb4 Qxd2 17. Bxd2 Nd5 18.
Rb2 exd3 19. Bxd3 Rhe8 20. Rfb1 b6 21. a4 Nc7 22. Bf4 Be6 23. Kh2 h6 24. Re1 g5 25.
Be5 f4 26. Bg6 Rg8 27. Bxc7 Rxg6 28. Bxd8 Kxd8 29. a5 b5 30. Rb4 Kd7 31. Rd4+ Bd5 32. c4 bxc4 33. Rb1 Kc7 34. a6 Kd6 35. Rb7 Kc5 36. Rd1 c3 37. Rc1 Kc4 38. Rxa7 Kd3 39.
Re7 Kd2 40. Ree1 c2 41. a7 c5 42. Re5 Ba8 43. Rce1 c1=Q 44. R5e2+ Kd3 45. Rxc1 Kxe2 46.
Rxc5 Ra6 47. Rc7 Ra2 48. Kg1 Ke3 49. Kh2 Bxf3 50. Rc3+ Ke4 51. Rxf3 Rxa7 52. Rb3 h5 53. Rb4+ Kf5 54. Rb5+ Kf6 55. Rb6+ Kg7 56. Rb5 Kh6 57. Rb6+ Kh7 58. Rb5 Rg7 59. Rb6 Rg6 60. Rb7+ Kh6 61. Rb5 Rc6 62. Rb8 Kg6 63. Rb5 Kf6 64. Kg1 Re6 65. Rc5 g4 66. hxg4 hxg4 67. Kf2 Re5 68. Rc4 Kf5 69. Ra4 Rb5 70. Ra2 g3+ 71. Ke2 Kg4 72. Rc2 Ra5 73. Rb2 f3+ 74. gxf3+ Kh3 0-1

[Event "Early-Titled-Tuesday-Blitz-March-12-2024"]
[Site "Chess.com"]
[Date "2024.03.12"]
[Round "2"]
[White "maciek_92"]
[Black "Sanyura"]
[Result "1/2-1/2"]
[WhiteElo "2892"]
[BlackElo "2609"]
[TimeControl "180+1"]
[EndTime "8:19:28 PDT"]
[Termination "Game drawn by agreement"]

1. c4 Nf6 2. Nc3 g6 3. d4 d6 4. g3 Bg7 5. Bg2 O-O 6. e3 e5 7. Nge2 exd4 8. exd4 c6 9. O-O Nbd7 10. b3 Re8 11. h3 h5 12. Bg5 Nf8 13. Qd2 Bf5 14.
d5 c5 15. Rae1 Qd7 16. Kh2 N8h7 17. Bf4 Ne4 18. Nxe4 Bxe4 19. f3 Bf5 20. g4 hxg4 21.
hxg4 g5 22. Bxg5 Nxg5 23. Qxg5 Bd3 24. Qd2 Bxe2 25. Rxe2 Rxe2 26. Qxe2 Re8 27. Qd2 Be5+ 28. f4 Bd4 29. Re1 Rxe1 30. Qxe1 Qxg4 31. Qe4 Kg7 32. Bf3 Qh4+ 33. Kg2 Qf2+ 34. Kh3 Bf6 35. Be2 Qh4+ 36. Kg2 Bd4 37. Qf3 Kf6 38. Bd3 Qe1 39. Kh3 Qg1 40. Qe4 Bf2 41. Qf5+ Kg7 42. Qg4+ Qxg4+ 43. Kxg4 Kf6 44.
Bf5 Be3 45. Bd7 b6 46. Kf3 Bd4 47. Kg4 a5 48. Kh5 Kg7 49. Kg5 Bf6+ 50. Kf5 Bd4 51.
Bc6 Bf6 52. Bb7 Bd4 53. Bc8 Bf6 54. Ke4 Bd4 55. Kd3 Kf6 56. Ke4 Bb2 57. Bh3 Bd4 58.
Kd3 Bb2 59. Kc2 Bd4 60. Kd2 Bb2 61. Ke2 Bc1 62. Kf3 Bb2 63. Kg4 Bd4 64. Kh5 Kg7 65. Bd7 Bf6 66. Kg4 Bd4 67. Kf3 Kf6 68. Ke4 Bb2 69. Kd3 Bc1 70. f5 Bb2 71. Kc2 Bd4 72.
a3 Be3 73. Kc3 Bd4+ 74. Kc2 Be3 75. Kd3 Bc1 76. a4 Bb2 77. Ke4 Kg5 78. Kf3 f6 79. Ke4 Be5 80. Kf3 Kh4 81. Ke4 Kg4 82. Be6 Kg3 83. Ke3 Bd4+ 84. Ke4 Be5 85. Kd3 Kf3 86. Kc2 Ke3 87. Kb1 Kd2 88. Ka2 Kc3 89. Bd7 Bd4 90.
Be6 Be5 91. Bd7 1/2-1/2

[Event "Early-Titled-Tuesday-Blitz-March-12-2024"]
[Site "Chess.com"]
[Date "2024.03.12"]
[Round "2"]
[White "sorch29"]
[Black "eagleclaw07"]
[Result "0-1"]
[WhiteElo "2486"]
[BlackElo "2790"]
[TimeControl "180+1"]
[EndTime "8:20:06 PDT"]
[Termination "eagleclaw07 won by checkmate"]

1. d4 Nf6 2. c4 g6 3. Nc3 Bg7 4. e4 d6 5. Be2 O-O 6. Nf3 e5 7. d5 Na6 8. Bg5 h6 9. Bh4 Nc5 10. Nd2 a5 11. f3 Qe8 12. Qc2 c6 13. Bf2 Na6 14. g4 Bd7 15. Qb3 Rb8 16. Qb6 a4 17. h4 Qe7 18. h5 gxh5 19. gxh5 Rfc8 20. O-O-O cxd5 21. cxd5 a3 22. Kb1 axb2 23. Qxb2 b5 24. Rc1 Nc5 25. Nb3 Na4 26. Qd2 Qd8 27. Bd3 Kh7 28. Ne2 b4 29. Rxc8 Rxc8 30. Rc1 Rxc1+ 31. Kxc1 Nc3 32. Nxc3 bxc3 33. Qxc3 Nxh5 34. Qb4 Nf4 35.
Kc2 Bh3 36. Qb6 Qf6 37. Qe3 Bg2 38. Bg3 h5 39. Be2 Nxe2 40. Qxe2 Bxf3 41. Qe3 Bg2 42. Qe1 Qf3 43. Nd2 Qg4 44. Qe3 h4 45. Bh2 h3 46.
Qf2 Kg8 47. Kc3 Bxe4 48. Nxe4 Qxe4 49. Qg3 Qxd5 50. Qxh3 e4+ 51. Kc2 Qxa2+ 52. Kd1 Qb1+ 53. Ke2 Qc2+ 54. Kf1 Qd1+ 55. Kg2 Qe2+ 56. Kh1 Qe1+ 57. Bg1 d5 58. Qc8+ Kh7 59. Qh3+ Bh6 60. Qf5+ Kg8 61. Qc8+ Kg7 62. Qg4+ Kf8 63. Qc8+ Ke7 64. Qc7+ Kf6 65. Qd6+ Kg7 66. Qe5+ Kg6 67. Qd6+ f6 68. Qxd5 Qh4+ 69. Kg2 Qg4+ 70. Kf1 Qf3+ 71. Ke1 Bf4 72. Qg8+ Kf5 73. Qh7+ Ke6 74. Qg8+ Ke5 75. Qe8+ Kf5 76. Qd7+ Kg5 77.
Qg7+ Kh5 78. Qh7+ Kg4 79. Qg7+ Bg5 80. Qd7+ f5 81. Qd1 Qxd1+ 82. Kxd1 Kf3 83. Ke1 Bh4+ 84.
Kf1 f4 85. Bd4 e3 86. Kg1 e2 87. Bc3 e1=Q+ 88. Bxe1 Bxe1 89. Kf1 Bg3 90. Kg1 Ke2 91. Kg2 Be1 92. Kg1 f3 93. Kh2 f2 94. Kh3 f1=Q+ 95. Kh2 Qf4+ 96. Kh1 Qf3+ 97. Kg1 Bf2+ 98. Kh2 Qg3+ 99.
Kh1 Qh3# 0-1

[Event "Early-Titled-Tuesday-Blitz-March-12-2024"]
[Site "Chess.com"]
[Date "2024.03.12"]
[Round "2"]
[White "KChor05"]
[Black "suyu28"]
[Result "1-0"]
[WhiteElo "2620"]
[BlackElo "2891"]
[TimeControl "180+1"]
[EndTime "8:20:33 PDT"]
[Termination "KChor05 won by checkmate"]

1. e4 c6 2. d4 d5 3. exd5 cxd5 4. c4 Nf6 5. Nc3 Nc6 6. Bf4 Be6 7. c5 g6 8. Bb5 Bg7 9. Nf3 O-O 10. Bxc6 bxc6 11.
Ne5 Qc8 12. h3 Nd7 13. Qe2 Nxe5 14. Bxe5 f6 15. Bg3 Bf7 16. O-O Re8 17. b4 e5 18.
Qd2 exd4 19. Qxd4 f5 20. Qd3 Qe6 21. Rae1 Qxe1 22. Rxe1 Rxe1+ 23. Kh2 a6 24. a4 d4 25. Ne2 Re8 26. Nxd4 Rd8 27. Bd6 Bd5 28. b5 Rxd6 29. Nf3 Bxf3 30. Qxf3 Rd5 31. bxa6 Be5+ 32. g3 Rxc5 33. a7 Ra5 34. Qb3+ Kg7 35. Qb7+ Kh6 36. a8=Q Rxa8 37. Qxa8 f4 38. Qxc6 fxg3+ 39. fxg3 Re2+ 40. Kg1 Bxg3 41. a5 Re1+ 42. Kg2 Bf4 43. a6 Be3 44. Kf3 Bg1 45. Qc3 Rf1+ 46. Kg2 Rb1 47. Qa3 Re1 48. a7 Bxa7 49. Qxa7 Re2+ 50. Kf3 Re5 51. Qd4 Rf5+ 52.
Kg4 Rg5+ 53. Kf4 Rf5+ 54. Ke4 Rh5 55. Qe3+ Kg7 56. Kf4 Rf5+ 57. Kg4 Rh5 58. Qe7+ Kg8 59. h4 Rf5 60. Qe8+ Kg7 61. Qd7+ Kg8 62. Kg3 Rh5 63. Qe7 Rf5 64. Kg2 Rf7 65. Qe6 Kg7 66. h5 Rf5 67. Qe7+ Kh6 68. hxg6 hxg6 69. Kg3 Rg5+ 70. Kf4 Rf5+ 71. Ke4 Rg5 72. Qd8 Rf5 73. Qh8+ Kg5 74. Qh7 Rf4+ 75. Ke3 Rf5 76. Qh3 Kf6 77. Ke4 Kg7 78.
Qc3+ Kh7 79. Qc7+ Kg8 80. Qe7 Rh5 81. Kf4 Rf5+ 82. Kg4 Rh5 83. Qe8+ Kg7 84. Qe7+ Kg8 85. Qf6 Kh7 86. Qf7+ Kh6 87. Qg8 Rg5+ 88. Kf4 Rf5+ 89. Kg4 Rg5+ 90. Kf3 Rf5+ 91. Ke4 Rh5 92. Qh8+ Kg5 93.
Qg7 Rh4+ 94. Ke5 Rg4 95. Ke6 Re4+ 96. Kf7 Rf4+ 97. Kg8 Rg4 98. Qe5+ Kh4 99. Kh7 g5 100. Qh2# 1-0

[Event "Early-Titled-Tuesday-Blitz-March-12-2024"]
[Site "Chess.com"]
[Date "2024.03.12"]
[Round "3"]
[White "mitrabhaa"]
[Black "ChessSwole"]
[Result "1-0"]
[WhiteElo "2948"]
[BlackElo "2728"]
[TimeControl "180+1"]
[EndTime "8:23:04 PDT"]
[Termination "mitrabhaa won by resignation"]

1. Nf3 Nf6 2. c4 c5 3. Nc3 Nc6 4. d4 cxd4 5. Nxd4 e6 6. g3 Qb6 7. e3 Bb4 8. Bg2 Ne5 9. Qe2 Bxc3+ 10. bxc3 Qc5 11. Nb5 Nxc4 12. Qxc4 Qxc4 13. Nd6+ Ke7 14. Nxc4 d5 15. Ba3+ 1-0

[Event "Early-Titled-Tuesday-Blitz-March-12-2024"]
[Site "Chess.com"]
[Date "2024.03.12"]
[Round "3"]
[White "ViIIagra"]
[Black "aa175"]
[Result "1-0"]
[WhiteElo "2926"]
[BlackElo "2722"]
[TimeControl "180+1"]
[EndTime "8:23:08 PDT"]
[Termination "ViIIagra won by resignation"]

1. g3 g6 2. Bg2 Bg7 3. e4 Nf6 4. e5 Nh5 5. d4 d6 6. g4 dxe5 7. gxh5 exd4 8. Nd2 f5 9. f4 e5 10. fxe5 Qh4+ 11. Kf1 Nc6 12. Ndf3 Qxh5 13. Ne2 Nxe5 14. Nf4 Qg4 15. h3 Qg3 16. Nxe5 Bxe5 17. Qe2 O-O 18. Bd5+ 1-0

[Event "Early-Titled-Tuesday-Blitz-March-12-2024"]
[Site "Chess.com"]
[Date "2024.03.12"]
[Round "3"]
[White "Mysterio47"]
[Black "BilodeauA"]
[Result "0-1"]
[WhiteElo "2756"]
[BlackElo "2986"]
[TimeControl "180+1"]
[EndTime "8:23:17 PDT"]
[Termination "BilodeauA won by resignation"]

1. d4 d5 2. Nc3 Nf6 3. Bf4 e6 4. Nb5 Na6 5. e3 Be7 6. Nf3 O-O 7. h4 c6 8. Nc3 Nc7 9. Bd3 Nce8 10. Ne5 Nd6 11. Qf3 Nd7 12. Kd1 f6 13. Qh5 f5 14.
Nxd7 Bxd7 15. Bxd6 Bxd6 16. f4 c5 17. g4 Be8 18.
Qg5 Be7 0-1

[Event "Early-Titled-Tuesday-Blitz-March-12-2024"]
[Site "Chess.com"]
[Date "2024.03.12"]
[Round "3"]
[White "Let_it_be_1"]
[Black "norwaytoadog"]
[Result "1-0"]
[WhiteElo "2611"]
[BlackElo "2331"]
[TimeControl "180+1"]
[EndTime "8:23:18 PDT"]
[Termination "Let_it_be_1 won by resignation"]

1. e4 c5 2. Nf3 Nc6 3. d4 cxd4 4. Nxd4 e5 5. Nb5 d6 6. Bc4 Nf6 7. Bg5 Be7 8. Bxf6 gxf6 9. Qh5 Rf8 10. O-O Qb6 11. N1c3 Be6 12. Bxe6 a6 13. Nd5 1-0

[Event "Early-Titled-Tuesday-Blitz-March-12-2024"]
[Site "Chess.com"]
[Date "2024.03.12"]
[Round "3"]
[White "Boundless_Strike"]
[Black "northridgehawk"]
[Result "1-0"]
[WhiteElo "2619"]
[BlackElo "2343"]
[TimeControl "180+1"]
[EndTime "8:23:26 PDT"]
[Termination "Boundless_Strike won by resignation"]

1. d4 Nf6 2. f3 g6 3. e4 Bg7 4. Nc3 d5 5. Bg5 dxe4 6. Qd2 exf3 7. Nxf3 O-O 8. O-O-O c5 9. d5 Nbd7 10.
Bh6 a6 11. h4 b5 12. h5 Nb6 13. hxg6 fxg6 14. Bxg7 Kxg7 15. Qh6+ Kg8 16. Ne4 Nbd7 17. Nfg5 Rf7 18. Nxf7 Kxf7 19. Ng5+ Kg8 20. Ne6 1-0

[Event "Early-Titled-Tuesday-Blitz-March-12-2024"]
[Site "Chess.com"]
[Date "2024.03.12"]
[Round "3"]
[White "IndianSchoolOfSuffering"]
[Black "PolandHussars"]
[Result "0-1"]
[WhiteElo "2401"]
[BlackElo "2541"]
[TimeControl "180+1"]
[EndTime "8:23:32 PDT"]
[Termination "PolandHussars won by resignation"]

1. e4 e5 2. Nf3 Nc6 3. Bb5 g6 4. c3 d6 5. d4 Bd7 6. dxe5 Nxe5 7. Bxd7+ Nxd7 8. O-O Bg7 9. Re1 Ngf6 10. e5 dxe5 11. Nxe5 O-O 12. Nxd7 Qxd7 13. Qxd7 Nxd7 14. Bf4 Rfe8 15.
Nd2 c6 16. Nc4 Nc5 17. Nd6 Rxe1+ 18. Rxe1 Nd3 19. Re4 Nxf4 20. Rxf4 Be5 21. Rxf7 Bxd6 22. Rxb7 Re8 23. Kf1 Re7 24. Rb3 Kf7 25. c4 Bc5 26.
Rf3+ Ke6 27. a3 Rf7 28. Ke2 Rxf3 29. Kxf3 Ke5 30. b4 Bb6 0-1

[Event "Early-Titled-Tuesday-Blitz-March-12-2024"]
[Site "Chess.com"]
[Date "2024.03.12"]
[Round "3"]
[White "david_gomez"]
[Black "GAO"]
[Result "1-0"]
[WhiteElo "2612"]
[BlackElo "2308"]
[TimeControl "180+1"]
[EndTime "8:23:36 PDT"]
[Termination "david_gomez won by resignation"]

1. e4 c5 2. Nf3 Nc6 3. d4 cxd4 4. Nxd4 g6 5. Nc3 Bg7 6. Be3 Nf6 7. Nxc6 bxc6 8. e5 Ng8 9. Bd4 Nh6 10. e6 f6 11. exd7+ Bxd7 12. Bc4 Nf7 13. O-O O-O 14. Bc5 Kh8 15. Re1 Ne5 16. Bb3 Qe8 17. f4 Bg4 18.
Qc1 Bh6 19. Qe3 Qc8 20. Bxe7 Rf7 21. Bxf7 Nxf7 22. Bxf6+ Bg7 23. Bxg7+ Kxg7 24. Qd4+ 1-0